 Dungeon Crawl Stone Soup version 0.29-a0-553-g81b289dbe5 (webtiles) character file.

Game seed: 16265396372744007911

72082 Conn the Arsonist (level 15, -8/85 HPs)
             Began as an Octopode Fire Elementalist on June 6, 2022.
             Was an Elder of Sif Muna.
             Shot with an arrow by a centaur warrior (22 damage)
             ... on level 13 of the Dungeon.
             The game lasted 02:13:50 (35560 turns).

Conn the Arsonist (Octopode Fire Elementalist)     Turns: 35560, Time: 02:13:51

Health: -8/85      AC:  5    Str:  9    XL:     15   Next: 38%
Magic:  13/50      EV: 14    Int: 24    God:    Sif Muna [****..]
Gold:   1177       SH:  0    Dex: 18    Spells: 1/40 levels left

rFire   + + +      SeeInvis .   b - staff of fire
rCold   x x .      Faith    .   (no shield)
rNeg    . . .      Spirit   .   (helmet restricted)
rPois   .          Reflect  .   (no amulet)
rElec   .          Harm     .   f - ring of resist corrosion
rCorr   +          Rampage  .   t - ring of magical power
Will    ++...                   E - ring of fire
Stlth   +++++.....              V - ring of fire
HPRegen 0.24/turn               N - ring of magical power
MPRegen 0.32/turn               P - ring of wizardry
                                T - ring of willpower
                                U - +6 ring of dexterity

@: no status effects
A: almost no armour, amphibious, 8 rings, camouflage 1, gelatinous body 1,
(nimble swimmer 1), tentacles, iridescent scales 2
a: Renounce Religion, Channel Magic, Forget Spell, Divine Exegesis


You were on level 13 of the Dungeon.
You worshipped Sif Muna.
Sif Muna was greatly pleased with you.
You visited 4 branches of the dungeon, and saw 22 of its levels.
You also visited: Ossuary, Bailey and Volcano.

You collected 2761 gold pieces.
You spent 1584 gold pieces at shops.

Inventory:

Hand Weapons
 a - the +6 spear of Uskayaw's Esteem {protect, rN+ Dex+6}
   (You found it on level 12 of the Dungeon)

   It grants its wielder temporary protection when it strikes (+7 to AC).
   Dex:       It affects your dexterity (+6).
   rN:        It protects you from negative energy.
 S - a +8 dagger of electrocution
 X - the +8 whip "Snakebite" {venom, curare, rPois}
   (You found it on level 5 of the Lair of Beasts)

   It poisons the flesh of those it strikes.
   It occasionally inflicts asphyxiating poison on those it strikes, dealing
   poison damage and causing slowness.
   rPois:     It protects you from poison.
Missiles
 e - 9 silver javelins
 n - 6 throwing nets
Magical Staves
 b - a staff of fire (weapon)
 y - a staff of conjuration
Jewellery
 f - a ring of resist corrosion (left tentacle)
 t - a ring of magical power (right tentacle)
 E - a ring of fire (on tentacle)
 L - a ring of poison resistance
 N - a ring of magical power (on tentacle)
 P - a ring of wizardry (on tentacle)
 T - a ring of willpower (on tentacle)
 U - a +6 ring of dexterity (on tentacle)
 V - a ring of fire (on tentacle)
 W - a ring of ice
Wands
 i - a wand of paralysis (17) (quivered)
 o - a wand of acid (13)
 q - a wand of flame (30)
 v - a wand of digging (5)
 C - a wand of iceblast (16)
 D - a wand of charming (5)
 K - a wand of polymorph (5)
 O - a wand of mindburst (21)
Scrolls
 g - 4 scrolls of immolation
 j - 7 scrolls of enchant armour
 k - 4 scrolls of torment
 l - a scroll of fog
 u - 2 scrolls of blinking
 w - 10 scrolls of teleportation
 x - 4 scrolls of poison
 H - 4 scrolls of brand weapon
 I - 3 scrolls of summoning
 M - 18 scrolls of identify
 R - a scroll of silence
 Y - a scroll of fear
Potions
 c - 5 potions of magic
 d - a potion of resistance
 h - a potion of lignification
 m - 7 potions of brilliance
 p - 6 potions of heal wounds
 r - 4 potions of flight
 s - 9 potions of curing
 z - 8 potions of mutation
 A - 5 potions of haste
 B - 2 potions of ambrosia
 F - 6 potions of might
 G - 2 potions of cancellation
 J - 4 potions of berserk rage


   Skills:
 + Level 2.2 Fighting
 + Level 1.1 Short Blades
 + Level 0.8(1.6) Polearms
 + Level 2.2(2.3) Staves
 + Level 3.6 Dodging
 + Level 7.8 Stealth
 + Level 0.2 Unarmed Combat
 + Level 13.2 Spellcasting
 + Level 10.6 Conjurations
 + Level 3.6 Hexes
 + Level 5.8 Summonings
 + Level 2.0 Translocations
 + Level 1.2 Transmutations
 + Level 13.6 Fire Magic
 + Level 5.8 Ice Magic
 + Level 5.7 Air Magic
 + Level 3.0 Poison Magic
 * Level 9.1 Invocations
 + Level 0.7 Evocations


You had one spell level left.
You knew the following spells:

 Your Spells              Type           Power      Damage    Failure   Level
a - Foxfire               Conj/Fire      100%       2x1d9     1%          1
b - Starburst             Conj/Fire      64%        6d17      1%          6
c - Inner Flame           Hex/Fire       100%       N/A       1%          3
d - Flame Wave            Conj/Fire      100%       2d17      1%          4
e - Scorch                Fire           100%       2d10      0%          2
f - Mephitic Cloud        Conj/Pois/Air  46%        N/A       1%          3
g - Call Imp              Summ           44%        N/A       1%          2
h - Hailstorm             Conj/Ice       53%        3d12      1%          4
j - Ignite Poison         Fire/Tmut/Pois 100%       N/A       1%          3
k - Iskenderun's Mystic   Conj/Tloc      46%        2d10      1%          4
l - Airstrike             Air            21%        N/A       1%          4
m - Swiftness             Air            43%        N/A       1%          3

Your spell library contained the following spells:

 Spells                   Type           Power      Damage    Failure   Level
 Apportation              Tloc           50%        N/A       1%          1
 Beastly Appendage        Tmut           44%        N/A       1%          1
 Magic Dart               Conj           100%       1d8       1%          1
 Necrotize                Necr           60%        1d7       1%          1
 Shock                    Conj/Air       100%       1d9       1%          1
 Slow                     Hex            100%       N/A       1%          1
 Sting                    Tmut/Pois      100%       1d8       1%          1
 Summon Small Mammal      Summ           100%       N/A       1%          1
 Ensorcelled Hibernation  Hex/Ice        76%        N/A       1%          2
 Poisonous Vapours        Pois/Air       72%        N/A       1%          2
 Static Discharge         Conj/Air       53%        N/A       1%          2
 Wereblood                Tmut           22%        N/A       1%          2
 Confusing Touch          Hex            33%        N/A       1%          3
 Conjure Flame            Conj/Fire      100%       6-21      1%          3
 Dazzling Flash           Conj/Hex       100%       N/A       1%          3
 Gell's Gravitas          Tloc           25%        N/A       1%          3
 Lesser Beckoning         Tloc           25%        N/A       1%          3
 Spider Form              Tmut/Pois      26%        N/A       1%          3
 Summon Guardian Golem    Hex/Summ       38%        N/A       1%          3
 Teleport Other           Tloc           25%        N/A       1%          3
 Sticky Flame             Conj/Fire      100%       2d11      1%          4
 Summon Ice Beast         Ice/Summ       44%        N/A       1%          4
 Cause Fear               Hex            16%        N/A       3%          4
 Ice Form                 Ice/Tmut       33%        N/A       3%          4
 Vampiric Draining        Necr           15%        2d7       4%          3
 Corpse Rot               Necr/Pois/Air  29%        N/A       4%          4
 Olgreb's Toxic Radiance  Pois           30%        N/A       4%          4
 Silence                  Hex/Air        19%        N/A       6%          5
 Summon Mana Viper        Hex/Summ       38%        N/A       6%          5
 Anguish                  Hex/Necr       12%        N/A       8%          4
 Dispel Undead            Necr           15%        3d10      16%         4
 Alistair's Intoxication  Tmut/Pois      17%        N/A       17%         5
 Agony                    Necr           15%        N/A       38%         5
 Spellforged Servitor     Conj/Summ      26%        N/A       38%         7
 Simulacrum               Ice/Necr       14%        N/A       54%         6
 Dispersal                Tloc           12%        N/A       67%         6
 Monstrous Menagerie      Summ           22%        N/A       71%         7
 Discord                  Hex            16%        N/A       100%        8


Dungeon Overview and Level Annotations

Branches:
Dungeon (13/15)            Temple (1/1) D:5            Lair (6/6) D:8
 Shoals (0/4) Lair:3       Spider (0/4) Lair:2        Slime (0/5) Lair:5
    Orc (2/2) D:12            Elf (0/3) Orc:2       Ossuary (visited)
 Bailey (visited)         Volcano (visited)
 Vaults: D:13-14

Altars:
Ashenzari
Cheibriados
Dithmenos
Elyvilon
Fedhas
Gozag
Hepliaklqana
Kikubaaqudgha
Makhleb
Nemelex Xobeh
Okawaru
Qazlal
Ru
Sif Muna
Trog
Uskayaw
Vehumet
Wu Jian
Xom
Yredelemnul
Zin
The Shining One
Lugonu

Shops:
D:6 ?[   Orc:1 :   Orc:2 ?!??

Portals:
Abyss: Lair:3
Trove: D:10 (give 18 potions of curing)

Annotations:
D:12 2 transporters


Innate Abilities, Weirdness & Mutations

You cannot wear most types of armour.
You are amphibious.
You can wear up to eight rings at the same time.
Your skin changes colour to match your surroundings (Stealth+).
Your rubbery body absorbs attacks. (AC +1, EV +1)
((You are camouflaged when in or above water. (Stealth+)))
You have tentacles for arms and can constrict up to eight enemies at once.
You are mostly covered in iridescent scales. (AC +4)


Message History

The centaur warrior is moderately wounded.
The foxfire hits the centaur warrior but does no damage.
The centaur warrior is moderately wounded.
Unknown command.
Casting: Inner Flame (safe; 1% risk of failure)
Confirm with . or Enter, or press ? or * to list all spells.
Aiming: Inner Flame (safe; 1% risk of failure)
Press: ? - help, Dir - move target, f - centaur warrior, p - centaur
Aim: a centaur warrior, quivering stones (moderately wounded, chance to affect: 96%)
You feel a huge surge of power!
The centaur warrior is filled with an inner flame.
The foxfire hits the centaur warrior.
Flame seeps out of the centaur warrior.
The centaur warrior is moderately wounded.
The centaur shoots an arrow.
The arrow hits you.
The centaur warrior is engulfed in blazing flames.
Flame seeps out of the centaur warrior.
The centaur warrior wields a +0 shortbow.
The centaur warrior shoots an arrow.
The arrow hits you!!
The centaur shoots an arrow.
The arrow closely misses you.
Aiming: Charm
Press: ? - help, Shift-Dir - straight line, f - centaur, p - centaur warrior
Aim: a centaur, wielding a +0 shortbow (moderately wounded, inner flame, chance to affect: 50%)
Okay, then.
Casting: Inner Flame (safe; 1% risk of failure)
Confirm with . or Enter, or press ? or * to list all spells.
Aiming: Airstrike (dangerous; 1% risk of failure)
Press: ? - help, Dir - move target, f/p - centaur warrior
Aim: a centaur warrior, wielding a +0 shortbow and quivering stones (flame, moderately wounded, inner flame, empty space bonus: 5/8)
The air twists around and strikes the centaur warrior!
Flame seeps out of the centaur warrior.
The centaur warrior is heavily wounded.
The centaur warrior is engulfed in blazing flames.
Flame seeps out of the centaur warrior.
The centaur warrior shoots an arrow.
The arrow hits you!!
* * * LOW HITPOINT WARNING * * *
The centaur shoots an arrow.
The arrow barely misses you.
The centaur warrior is engulfed in blazing flames.
Flame seeps out of the centaur warrior.
The centaur warrior shoots an arrow.
The arrow hits you!!
You die...

###
##..#######...###.###
# #..# #.......# #
#..# #....#### # #..#
#.......# # #..#
#.......# # ....
#.).....# #
#..#.#####)......#
....
.....☼.§..)......#
.... ..c☼)○..@......#
#### .#c#####.......#
# ######### #


You could see a centaur warrior (inner flame) and a centaur (inner flame).

Vanquished Creatures
  A fire dragon (Lair:6)
  Harold (D:9)
  4 ogre magi (Orc:2)
  An ice dragon (Lair:6)
  Erolcha (D:9)
  A boulder beetle (D:12)
  2 hydras
  20 two-headed ogres
  6 death yaks
  Erica (D:9)
  A lindwurm (Lair:6)
  A swamp dragon (Lair:6)
  3 orc knights (Bailey)
  An orc sorcerer (Orc:2)
  4 cyclopes
  An ugly thing (D:11)
  A manticore (D:12)
  5 elephants (Lair:5)
  5 torpor snails (Lair:6)
  11 black mambas
  The ghost of YeBoyLucifer the Skirmisher, a novice HOFi of the Shining One (D:4)
  A gargoyle (Volcano)
  Psyche (D:8)
  12 cane toads
  3 kobold demonologists (D:12)
  4 rime drakes
  13 komodo dragons
  5 trolls
  4 tyrant leeches (Lair:6)
  5 hornets (Lair:6)
  4 slime creatures
  6 dream sheep (Lair:6)
  5 blink frogs (Lair:2)
  3 wyverns
  A vampire (D:11)
  47 yaks
  A fire elemental (Volcano)
  A basilisk (Lair:6)
  5 vampire mosquitoes
  6 steam dragons
  3 wargs
  2 swamp worms (D:10)
  2 acid dragons
  17 water moccasins
  An ice beast (D:7)
  2 sky beasts (D:6)
  3 swamp drakes (Lair:6)
  18 orc warriors
  2 black bears (D:7)
  A black bear (shapeshifter) (D:13)
  10 centaurs
  20 ogres
  9 wolves
  5 kobold brigands
  A phantom (D:5)
  12 bullfrogs
  3 gnoll sergeants
  3 scorpions
  An earth elemental (Volcano)
  13 wights
  A howler monkey (D:12)
  6 hounds
  14 orc priests
  6 jellies
  Jessica (D:3)
  Ijyb (D:5)
  7 iguanas
  5 hell rats (Lair:6)
  26 orc wizards
  8 mummies (Ossuary)
  Robin (D:3)
  2 river rats
  10 adders
  21 gnolls
  2 white imps
  3 ufetubi
  3 worms
  4 dart slugs
  70 orcs
  8 endoplasms
  12 giant cockroaches
  18 goblins
  15 hobgoblins
  12 kobolds
  6 quokkas
  4 ball pythons
  A bat (D:3)
  5 frilled lizards
  A goblin zombie (D:7)
  A hobgoblin zombie (Ossuary)
  2 kobold zombies (Ossuary)
  5 orc zombies (Ossuary)
  9 rats
  A rat zombie (D:7)
  3 lurking horrors (Lair:3)
621 creatures vanquished.

Vanquished Creatures (collateral kills)
  A stone giant (Volcano)
  A hornet (Lair:6)
  An earth elemental (Volcano)
  2 orc wizards (Orc:2)
  20 foxfires
25 creatures vanquished.

Vanquished Creatures (others)
  An efreet (Volcano)
  An orc (Orc:2)
  A bush (Lair:6)
  1710 foxfires
  47 fungi
  87 plants
1847 creatures vanquished.

Grand Total: 2493 creatures vanquished

Notes
Turn   | Place    | Note
-------+----------+-------------------------------------------
     0 | D:1      | Conn the Octopode Fire Elementalist began the quest for the
                  | Orb.
     0 | D:1      | Reached XP level 1. HP: 11/11 MP: 3/3
   118 | D:1      | Reached XP level 2. HP: 17/17 MP: 1/5
   497 | D:1      | Reached XP level 3. HP: 21/21 MP: 6/6
   998 | D:1      | Learned a level 2 spell: Scorch
  1002 | D:1      | Learned a level 3 spell: Conjure Flame
  1633 | D:2      | Found a faded altar of an unknown god.
  1747 | D:2      | Reached XP level 4. HP: 27/27 MP: 0/7
  2613 | D:3      | Reached XP level 5. HP: 29/32 MP: 0/9
  2844 | D:3      | Found a shadowy altar of Dithmenos.
  2860 | D:3      | Noticed Robin
  2880 | D:3      | Killed Robin
  3205 | D:3      | Found a glowing drain.
  3534 | D:3      | Noticed Jessica
  3549 | D:3      | Killed Jessica
  3550 | D:3      | Reached XP level 6. HP: 36/37 MP: 0/10
  4205 | D:4      | Found a runed translucent door.
  4206 | D:4      | Noticed YeBoyLucifer's ghost (novice HOFi)
  4220 | D:4      | Reached skill level 1 in Fighting
  4225 | D:4      | Killed YeBoyLucifer's ghost
  4226 | D:4      | Reached skill level 1 in Short Blades
  4226 | D:4      | Reached skill level 1 in Staves
  4226 | D:4      | Reached skill level 5 in Stealth
  4226 | D:4      | Reached XP level 7. HP: 16/43 MP: 0/13
  4229 | D:4      | Found a runed translucent door.
  4470 | D:4      | Reached skill level 5 in Fire Magic
  5180 | D:4      | Reached XP level 8. HP: 33/48 MP: 14/14
  5353 | D:5      | Entered Level 5 of the Dungeon
  5597 | D:5      | Found a staircase to the Ecumenical Temple.
  5610 | Temple   | Entered the Ecumenical Temple
  5861 | Temple   | Became a worshipper of Sif Muna the Loreminder
  6247 | D:5      | Reached skill level 5 in Spellcasting
  6452 | D:5      | Noticed Ijyb
  6466 | D:5      | Killed Ijyb
  7069 | D:6      | Learned a level 3 spell: Inner Flame
  7074 | D:6      | Learned a level 4 spell: Flame Wave
  7423 | D:6      | Reached XP level 9. HP: 53/53 MP: 2/18
  7695 | D:6      | Found Dithevy's Armour Shop.
  7699 | D:6      | Found Otohug's Magic Scroll Shop.
  7709 | D:6      | Bought a scroll of poison for 35 gold pieces
  8155 | D:6      | Learned a level 3 spell: Mephitic Cloud
  8158 | D:6      | Learned a level 2 spell: Call Imp
  8482 | D:7      | Gained mutation: You are partially covered in iridescent
                  | scales. (AC +2) [potion of mutation]
  8482 | D:7      | Gained mutation: You are mostly covered in iridescent
                  | scales. (AC +4) [potion of mutation]
  8549 | D:7      | Reached * piety under Sif Muna
  8703 | D:7      | Found a sand-covered staircase.
  8710 | Ossuary  | Entered an ossuary
  9688 | D:7      | You fall into a shaft and drop 2 floors!
  9703 | D:9      | Reached XP level 10. HP: 59/59 MP: 21/21
  9706 | D:9      | Reached ** piety under Sif Muna
  9946 | D:9      | Noticed Erolcha
  9963 | D:9      | Reached skill level 5 in Conjurations
  9967 | D:9      | Noticed Harold
 10255 | D:8      | Found a flagged portal.
 10281 | D:8      | Reached skill level 1 in Hexes
 10477 | Bailey   | Entered a bailey
 10699 | Bailey   | Noticed an orc knight
 10712 | Bailey   | Noticed an orc knight
 10714 | Bailey   | Killed an orc knight
 10720 | Bailey   | Killed an orc knight
 10884 | Bailey   | Reached skill level 10 in Fire Magic
 11000 | Bailey   | Noticed an orc knight
 11019 | Bailey   | Killed an orc knight
 11239 | D:8      | Found a staircase to the Lair.
 11253 | D:8      | Reached XP level 11. HP: 50/64 MP: 23/23
 11260 | D:8      | Reached *** piety under Sif Muna
 11431 | D:8      | Noticed Psyche
 11442 | D:8      | Killed Psyche
 11552 | D:8      | Learned a level 4 spell: Hailstorm
 12250 | D:9      | Killed Erolcha
 12251 | D:9      | Reached skill level 1 in Summonings
 12251 | D:9      | Reached skill level 1 in Invocations
 12294 | D:9      | Killed Harold
 12295 | D:9      | Reached skill level 1 in Ice Magic
 12295 | D:9      | Reached skill level 1 in Air Magic
 12536 | D:9      | Learned a level 4 spell: Sticky Flame
 12685 | D:9      | Noticed Erica
 12700 | D:9      | Killed Erica
 13141 | D:10     | Entered Level 10 of the Dungeon
 13520 | D:10     | Found a portal to a secret trove of treasure.
 14675 | D:11     | Noticed a two-headed ogre
 14684 | D:11     | Killed a two-headed ogre
 14696 | D:11     | Noticed a seven-headed hydra
 14705 | D:11     | Killed a seven-headed hydra
 14706 | D:11     | Reached XP level 12. HP: 47/70 MP: 21/25
 14981 | D:11     | Reached **** piety under Sif Muna
 15574 | D:12     | Noticed a boulder beetle
 15598 | D:12     | Killed a boulder beetle
 15797 | D:12     | Found a staircase to the Orcish Mines.
 15838 | D:12     | Reached skill level 10 in Spellcasting
 16210 | D:12     | Found a transporter.
 16212 | D:12     | Found a corrupted altar of Lugonu.
 16598 | D:12     | Identified the +6 spear of Uskayaw's Esteem {protect, rN+
                  | Dex+6}
 16939 | D:12     | Noticed a two-headed ogre
 16949 | D:12     | Killed a two-headed ogre
 17019 | D:12     | Learned a level 3 spell: Ignite Poison
 17024 | D:12     | Found a transporter.
 17432 | Orc:1    | Entered Level 1 of the Orcish Mines
 17489 | Orc:1    | Reached skill level 1 in Poison Magic
 17649 | Orc:1    | Found Xaulohit's Book Shoppe.
 17749 | Orc:2    | Entered Level 2 of the Orcish Mines
 17761 | Orc:2    | Noticed a two-headed ogre
 17763 | Orc:2    | Noticed an ogre mage
 17978 | Orc:2    | Noticed a two-headed ogre
 17982 | Orc:2    | Noticed a two-headed ogre
 17987 | Orc:2    | Killed a two-headed ogre
 17988 | Orc:2    | Noticed a two-headed ogre
 17989 | Orc:2    | Killed a two-headed ogre
 17993 | Orc:2    | Noticed a two-headed ogre
 17995 | Orc:2    | Noticed a two-headed ogre
 17998 | Orc:2    | Reached skill level 5 in Invocations
 17998 | Orc:2    | Reached ***** piety under Sif Muna
 18025 | Orc:1    | Killed a two-headed ogre
 18316 | Orc:2    | Received a gift from Sif Muna
 18553 | Orc:2    | Noticed a two-headed ogre
 18553 | Orc:2    | Noticed a two-headed ogre
 18574 | Orc:1    | Killed a two-headed ogre
 18812 | Lair:1   | Entered Level 1 of the Lair of Beasts
 18823 | Lair:1   | Reached XP level 13. HP: 66/74 MP: 27/27
 20102 | Lair:2   | Reached skill level 5 in Ice Magic
 20118 | Lair:2   | Reached skill level 5 in Summonings
 21353 | Lair:2   | Reached skill level 5 in Air Magic
 21799 | Lair:2   | Found a hole to the Spider Nest.
 23112 | Lair:3   | Found a staircase to the Shoals.
 23350 | Lair:3   | Found a one-way gate to the infinite horrors of the Abyss.
 23351 | Lair:3   | Found a corrupted altar of Lugonu.
 25815 | Lair:5   | Found a dark tunnel.
 25825 | Volcano  | Entered a volcano
 25870 | Volcano  | Noticed a stone giant
 26075 | Volcano  | HP: 2/74 [stone giant (22)]
 26085 | Volcano  | Killed a stone giant
 26767 | Volcano  | Reached XP level 14. HP: 73/81 MP: 29/29
 27708 | Lair:5   | Found a staircase to the Slime Pits.
 27728 | Lair:5   | Learned a level 4 spell: Iskenderun's Mystic Blast
 28064 | Lair:5   | Found the +8 whip "Snakebite" {venom, curare, rPois}
 28491 | Lair:6   | Entered Level 6 of the Lair of Beasts
 29227 | Lair:6   | Received a gift from Sif Muna
 29646 | Lair:6   | Learned a level 4 spell: Airstrike
 30864 | Lair:6   | Found a runed translucent door.
 31045 | Lair:6   | Reached skill level 1 in Translocations
 32831 | Orc:2    | Reached skill level 10 in Conjurations
 33089 | Orc:2    | Reached XP level 15. HP: 77/85 MP: 3/31
 33470 | Orc:2    | Reached skill level 1 in Transmutations
 34027 | Orc:2    | Found Idwob's Magic Scroll Emporium.
 34028 | Orc:2    | Found Lyce's Distillery.
 34028 | Orc:2    | Found Joculi's Magic Scroll Shoppe.
 34028 | Orc:2    | Found Batra's Magic Scroll Boutique.
 34035 | Orc:2    | Bought a scroll of summoning for 133 gold pieces
 34035 | Orc:2    | Bought a scroll of blinking for 105 gold pieces
 34035 | Orc:2    | Bought a scroll of teleportation for 42 gold pieces
 34036 | Orc:2    | Bought a scroll of teleportation for 48 gold pieces
 34036 | Orc:2    | Bought a scroll of poison for 56 gold pieces
 34036 | Orc:2    | Bought a scroll of fear for 56 gold pieces
 34037 | Orc:2    | Bought a scroll of blinking for 112 gold pieces
 34037 | Orc:2    | Bought a scroll of immolation for 52 gold pieces
 34037 | Orc:2    | Bought a scroll of summoning for 142 gold pieces
 34038 | Orc:2    | Bought a potion of curing for 51 gold pieces
 34038 | Orc:2    | Bought a potion of curing for 51 gold pieces
 34038 | Orc:2    | Bought a potion of haste for 170 gold pieces
 34038 | Orc:2    | Bought a potion of curing for 51 gold pieces
 34155 | Orc:2    | Found a staircase to the Elven Halls.
 34752 | Orc:1    | Bought a There-And-Back Book for 480 gold pieces
 34757 | Orc:1    | Learned a level 3 spell: Swiftness
 34766 | Orc:1    | Learned a level 6 spell: Starburst
 35011 | D:13     | Received a gift from Sif Muna
 35012 | D:13     | Got Sif Muna's Disquisition on the Escort {god gift}
 35560 | D:13     | Shot with an arrow by a centaur warrior

Illustrated notes

Levels and vault maps discovered:
D:1:      spicycebolla_arrival_xxxplode, layout_loops_cross, st_stairs_13
D:2:      layout_loops_ring, shapermc_ecumenical_altar_starsandcircs,
          kennysheep_cross_room, dk_noncrumbling_2, minmay_misc_feat_encased
D:3:      layout_loops_corners, mainiacjoe_overflow_24_doors,
          gup_sewer_entry_spiral, st_stairs_3, minmay_goblin_outpost,
          uniq_jessica, uniq_robin
D:4:      layout_loops_ring, ebering_ghost_sewer_f
D:5:      layout_basic, temple_fountains, uniq_ijyb
D:6:      layout_layer_cave, hangedman_decor_peaks_small,
          nicolae_wooded_promenade
D:7:      layout_basic, enter_ossuary_4
D:8:      layout_basic, erik_lair_orcish_takeover, enter_bailey_2, uniq_psyche
D:9:      layout_basic, serial_corexii_hall, corexii_hall_statues_x,
          corexii_hall_statues_x, corexii_hall_statues_l,
          corexii_hall_statues_l, corexii_hall_statues_i,
          corexii_hall_statues_i, uniq_harold, uniq_erolcha, uniq_erica
D:10:     layout_layer_cave, enter_trove_1, worms_lemuel
D:11:     layout_gridville, nicolae_figureground_sparkle
D:12:     gammafunk_corrupted_shrine, layout_loops_ring, orc_0_dummy
D:13:     layout_rooms, hangedman_vaults_entry_quadrant_bands
Temple:   mainiacjoe_temple_starburst
Lair:1:   layout_layer_cave, cheibrodos_lair_reptile_den
Lair:2:   layout_regular_city, nicolae_spider_entry_non_spiders, minivault_27
Lair:3:   layout_layer_cave, minmay_shoals_entry_centaurs,
          nicolae_lair_grove_arrangements, amcnicky_altar_lugonu_corruption
Lair:4:   layout_cellular_growth, serial_bayou_shore_b
Lair:5:   minmay_guarded_unrand_snakebite, layout_regular_city,
          minmay_slime_entry_pillars, nicolae_volcano_entry_two_sided,
          serial_bayou_pond_a, serial_bayou_shore_b, grunt_megastairs_1
Lair:6:   guppyfry_lair_end_dragon, layout_regular_city, wormcave,
          lemuel_fruit_tree, grunt_megastairs_3
Orc:1:    layout_caves, serial_shops, shop, nicolae_orc_rich_vein
Orc:2:    st_orc_ogre_mass, layout_caves

Skill      XL: |  1  2  3  4  5  6  7  8  9 10 11 12 13 14 15 |
---------------+----------------------------------------------+-----
Stealth        | 3 4 5 6 7 |  7.8
Spellcasting   | 3 4 6 7 8 9 10 11 12 13 | 13.2
Conjurations   | 2 3 4 6 7 8 10 | 10.6
Fire Magic     | 4 5 7 8 10 11 12 13 | 13.6
Fighting       | 1 2 |  2.2
Short Blades   | 1 |  1.1
Staves         | 1 2 |  2.2
Hexes          | 2 3 |  3.6
Summonings     | 2 4 5 |  5.8
Invocations    | 3 5 7 8 9 |  9.1
Ice Magic      | 3 4 5 |  5.8
Air Magic      | 2 4 5 |  5.7
Poison Magic   | 1 2 3 |  3.0
Dodging        | 3 |  3.6
Translocations | 1 2 |  2.0
Transmutations | 1 |  1.2
Polearms       | |  0.8
Unarmed Combat | |  0.2
Evocations     | |  0.7

Action                   |  1- 3 |  4- 6 |  7- 9 | 10-12 | 13-15 || total
-------------------------+-------+-------+-------+-------+-------++-------
Melee: Unarmed           |     8 |       |       |       |       ||     8
       Tentacles         |     2 |    12 |    11 |    26 |    33 ||    84
       Dagger            |    10 |    20 |       |     2 |     1 ||    33
       Constrict         |     3 |    10 |    15 |    15 |    15 ||    58
       Staff             |       |    20 |    39 |    64 |    63 ||   186
       Spear             |       |       |       |     4 |    40 ||    44
       Punch             |       |       |       |     1 |     4 ||     5
Throw: Javelin           |     1 |       |       |       |       ||     1
 Cast: Foxfire           |    61 |    56 |   191 |   302 |   387 ||   997
       Scorch            |     1 |    14 |    41 |   123 |   211 ||   390
       Conjure Flame     |     1 |     2 |     5 |    10 |       ||    18
       Inner Flame       |       |       |     3 |    39 |    47 ||    89
       Mephitic Cloud    |       |       |     3 |    26 |    87 ||   116
       Call Imp          |       |       |     2 |     6 |    11 ||    19
       Flame Wave        |       |       |     2 |    10 |    27 ||    39
       Sticky Flame      |       |       |       |     3 |     4 ||     7
       Hailstorm         |       |       |       |     5 |    22 ||    27
       Ignite Poison     |       |       |       |     1 |     6 ||     7
       Iskenderun's Myst |       |       |       |       |    66 ||    66
       Airstrike         |       |       |       |       |     7 ||     7
Invok: Channel Magic     |       |       |       |     1 |     4 ||     5
Evoke: Wand              |       |     5 |       |     2 |     2 ||     9
  Use: Potion            |       |     3 |     9 |     4 |    11 ||    27
       Scroll            |       |       |     6 |    14 |    12 ||    32
 Stab: Sleeping          |     4 |     7 |     3 |     2 |     5 ||    21
       Paralysed         |       |     6 |       |       |       ||     6
       Confused          |       |       |       |     2 |     3 ||     5
       Distracted        |       |       |       |       |     1 ||     1
Armor: Skin              |       |     4 |     5 |    30 |    55 ||    94
Dodge: Dodged            |     7 |    21 |    41 |    68 |   175 ||   312

Table legend: (Time is in decaauts)
 A = Elapsed time spent in this place.
 B = Non-inter-level travel time spent in this place.
 C = Inter-level travel time spent in this place.
 D = Time resting spent in this place.
 E = Time spent auto-exploring this place.
 F = Levels seen in this place.
 G = Mean time per level.
                   A        B        C        D        E       F      G
               +--------+--------+--------+--------+--------+-----+--------+
         Total |  35591 |  34453 |   1138 |   1932 |  26504 |  25 | 1423.6 |
       Dungeon |  17109 |  16370 |    739 |    181 |  13251 |  13 | 1316.1 |
        Temple |    307 |    251 |     56 |      0 |    241 |   1 |  307.0 |
          Lair |  12694 |  12424 |    270 |    915 |   9810 |   6 | 2115.7 |
  Orcish Mines |   3257 |   3184 |     73 |    594 |   1736 |   2 | 1628.5 |
       Ossuary |    355 |    355 |      0 |      0 |    221 |   1 |  355.0 |
        Bailey |    643 |    643 |      0 |      0 |    469 |   1 |  643.0 |
       Volcano |   1224 |   1224 |      0 |    241 |    776 |   1 | 1224.0 |
               +--------+--------+--------+--------+--------+-----+--------+

Top non-repeatable levels by time:
  Lair:6: 3763 daAuts
   Orc:1: 2075 daAuts
    D:12: 1994 daAuts
  Lair:5: 1989 daAuts
  Lair:2: 1965 daAuts
  Lair:3: 1959 daAuts
  Lair:1: 1517 daAuts
  Lair:4: 1497 daAuts
     D:6: 1493 daAuts
     D:9: 1489 daAuts
     D:3: 1469 daAuts
    D:10: 1449 daAuts
     D:8: 1340 daAuts
     D:4: 1331 daAuts
     D:1: 1331 daAuts
